 Dungeon Crawl Stone Soup version 0.28.0-53-g5a82cb258f (webtiles) character file.

Game seed: 17140633615158590033

44 hawla the Magician (level 3, 0/19 HPs)
             Began as a Deep Elf Hedge Wizard on Aug 2, 2022.
             Succumbed to a kobold's poison
             ... on level 2 of the Dungeon.
             The game lasted 00:04:10 (2017 turns).

hawla the Magician (Deep Elf Hedge Wizard)          Turns: 2017, Time: 00:04:11

Health: 0/19       AC:  5    Str:  7    XL:     3   Next: 41%
Magic:  10/12      EV: 12    Int: 20    God:
Gold:   41         SH:  0    Dex: 14    Spells: 12/13 levels left

rFire   . . .      SeeInvis .   a - +0 dagger
rCold   . . .      Faith    .   (no shield)
rNeg    . . .      Spirit   .   b - +0 robe
rPois   .          Reflect  .   c - +0 hat
rElec   .          Harm     .   (no cloak)
rCorr   .          Rampage  .   (no gloves)
Will    .....                   f - +2 pair of boots
Stlth   ++........              (no amulet)
HPRegen 0.06/turn               (no ring)
MPRegen 0.13/turn               (no ring)

@: lethally poisoned (0 -> -14), about to teleport
A: no striking features
a: no special abilities


You were on level 2 of the Dungeon.
You visited 1 branch of the dungeon, and saw 2 of its levels.

You collected 41 gold pieces.

Inventory:

Hand Weapons
 a - a +0 dagger (weapon)
Armour
 b - a +0 robe (worn)
 c - a +0 hat (worn)
 f - a +2 pair of boots (worn)
Scrolls
 d - a scroll of identify


   Skills:
 + Level 2.5 Dodging
 + Level 3.2 Stealth
 + Level 5.6 Spellcasting
 + Level 1.6 Conjurations
 + Level 1.1 Summonings
 + Level 1.1 Translocations


You had 12 spell levels left.
You knew the following spells:

 Your Spells              Type           Power      Damage    Failure   Level
a - Magic Dart            Conj           48%        1d5       5%          1

Your spell library contained the following spells:

 Spells                   Type           Power      Damage    Failure   Level
 Slow                     Hex            20%        N/A       11%         1
 Blink                    Tloc           20%        N/A       11%         2
 Call Imp                 Summ           10%        N/A       11%         2
 Conjure Flame            Conj/Fire      8%         6-21      24%         3
 Mephitic Cloud           Conj/Pois/Air  7%         N/A       26%         3


Dungeon Overview and Level Annotations

Branches:
Dungeon (2/15)

Altars:

Shops:
D:2 *


Message History

No reachable target in view!
No reachable target in view!
A kobold comes into view.
It is wielding a +2 short sword of venom and quivering poisoned darts.
Casting: Magic Dart (safe; 5% risk of failure)
Confirm with . or Enter, or press ? or * to list all spells.
Aiming: Magic Dart (safe; 5% risk of failure)
Press: ? - help, Shift-Dir - straight line, f - kobold
Aim: a kobold, wielding a +2 short sword of venom and quivering poisoned darts (asleep, 100% to hit)
Okay, then.
The kobold shouts!
The kobold hits you with a +2 short sword of venom.
You are poisoned.
You hit the kobold but do no damage.
You feel very sick. The kobold barely misses you.
Casting: Magic Dart (safe; 5% risk of failure)
Confirm with . or Enter, or press ? or * to list all spells.
Aiming: Magic Dart (safe; 5% risk of failure)
Press: ? - help, Shift-Dir - straight line, f - kobold
Aim: a kobold, wielding a +2 short sword of venom and quivering poisoned darts (100% to hit)
The magic dart hits the kobold.
The kobold is severely wounded.
You feel sick. The kobold hits you but does no damage.
You are lethally poisoned!
You aren't carrying any potions.
Unknown command.
As you read the scroll of teleportation, it crumbles to dust.
You feel strangely unstable.
You feel very sick. The frilled lizard bites you.
* * * LOW HITPOINT WARNING * * *
The kobold closely misses you.
Casting: Magic Dart (safe; 5% risk of failure)
Confirm with . or Enter, or press ? or * to list all spells.
Aiming: Magic Dart (safe; 5% risk of failure)
Press: ? - help, Shift-Dir - straight line, f/p - kobold
Aim: a kobold, wielding a +2 short sword of venom and quivering poisoned darts (severely wounded, 100% to hit)
The magic dart hits the kobold.
You kill the kobold!
You die...

#..........
##..88≈≈≈≈≈
#.###≈≈≈≈#
#.##≈≈≈≈≈#
#..#≈≈≈≈≈#
##.#≈≈≈≈..
#.≈≈≈≈≈.#
#.≈≈≈≈≈.#
#@l≈≈≈#.#
#)≈≈≈≈..#
#.≈≈≈≈### #
#.≈≈≈≈≈# #.
#.≈≈≈≈≈#
### .
###≈≈≈≈#
#...#
≈≈≈≈≈.
<....
≈≈≈≈≈.
.....


You could see a frilled lizard.

Vanquished Creatures
  2 adders (D:2)
  A worm (D:2)
  A dart slug (D:1)
  A bat (D:2)
  3 endoplasms (D:1)
  2 hobgoblins
  2 quokkas
  A ball python (D:1)
  3 frilled lizards
  5 kobolds
  3 rats (D:1)
24 creatures vanquished.

Notes
Turn   | Place    | Note
-------+----------+-------------------------------------------
     0 | D:1      | hawla the Deep Elf Hedge Wizard began the quest for the
                  | Orb.
     0 | D:1      | Reached XP level 1. HP: 10/10 MP: 7/7
   514 | D:1      | Reached skill level 5 in Spellcasting
   514 | D:1      | Reached XP level 2. HP: 3/15 MP: 2/10
  1415 | D:2      | Found Ruexzeg's Assorted Antiques.
  1431 | D:2      | Reached XP level 3. HP: 11/19 MP: 1/11
  2017 | D:2      | Succumbed to a kobold's poison

Illustrated notes

Levels and vault maps discovered:
D:1:      lemuel_arrival_hallway, layout_loops_corners, minivault_26,
          serial_bayou_ford_a, minmay_misc_feat_ornament, minivault_14
D:2:      wander_river, layout_rooms, serial_shops, nicolae_shop_waterfront,
          mrwooster_statue_mirror, chequers_serial_rivers_micro_b,
          minmay_strange_pillars

Skill      XL: |  1  2 |
---------------+-------+-----
Spellcasting   | 5 |  5.6
Stealth        | 3 |  3.2
Dodging        | |  2.5
Conjurations   | |  1.6
Summonings     | |  1.1
Translocations | |  1.1

Action                   || total
-------------------------++-------
Melee: Dagger            ||    24
       Punch             ||     1
 Cast: Magic Dart        ||    71
  Use: Scroll            ||     3
Armor: Robe              ||     5
Dodge: Dodged            ||    21
